 Dungeon Sprint DCSS version 0.32-a0-473-gd044c6f0f0 (webtiles) character file.

Game seed: 1039624347991567807

7 rocky1 the Slasher (level 2, -2/22 HPs)
             Began as a Coglin Gladiator on Feb 26, 2024.
             Slain by an iguana (8 damage)
             ... in the Dungeon (Sprint IX: "|||||||||||||||||||||||||||||").
             The game lasted 00:00:18 (71 turns).

rocky1 the Slasher (Coglin Gladiator)                 Turns: 71, Time: 00:00:18

Health: -2/22      AC:  4    Str: 14    XL:     2   Next: 0%
Magic:  2/2        EV: 12    Int:  7    God:
Gold:   0          SH:  0    Dex: 15    Spells: 1/1 levels left

rFire   . . .        a - +0 long sword {Gustav}
rCold   . . .        (no shield)
rNeg    . . .        b - +0 leather armour
rPois   .            c - +0 helmet
rElec   .            (no cloak)
rCorr   .            (no gloves)
SInv    .            (no boots)
Will    .....        (no amulet)
Stlth   +            (ring unavailable)
HPRegen 0.23/turn    (ring unavailable)
MPRegen 0.08/turn

%: no teleportation
@: revved
A: off-hand wielding, slow wielding, warmup strikes, no rings
a: no special abilities


You were in the Dungeon.
You visited 1 branch

Inventory:

Hand Weapons
 a - a +0 long sword (weapon) {Gustav}
Missiles
 d - 3 throwing nets (quivered)
 e - a javelin
Armour
 b - a +0 leather armour (worn)
 c - a +0 helmet (worn)
Scrolls
 k - a scroll of blinking
Potions
 f - a potion of curing
 g - a potion of heal wounds
 h - a potion of haste
 i - 2 potions of magic
 j - a potion of berserk rage


   Skills:
 + Level 2.3 Fighting
 * Level 3.8 Long Blades
 - Level 2.0 Throwing
 + Level 3.4 Dodging


You had one spell level left.
You didn't know any spells.
Your spell library was empty.

Dungeon Overview and Level Annotations

Branches:
Dungeon (1/1)

Altars:


Innate Abilities, Weirdness & Mutations

You can wield a second weapon in your off-hand.
It takes a long time for you to wield or remove held weapons.
Your first few attacks do less damage.
Your grasper-arms cannot wear rings.


Message History

You slash the endoplasm!
You kill the endoplasm!
You slash the endoplasm!
You kill the endoplasm!
You have reached level 2!
There is an open door to the Dungeon here.
You see here a bat corpse.
You open the door.
A sleepcap, 2 adders, a bombardier beetle and an iguana come into view.
You close the door.
You start resting.
HP restored.
You open the door.
The adder hisses angrily.
You hit the iguana.
The iguana is moderately wounded.
The iguana misses you. The iguana barely misses you.
You barely miss the iguana.
The iguana is moderately wounded.
The iguana bites you!
You closely miss the iguana.
The iguana is moderately wounded.
The iguana bites you but does no damage.
You hit the iguana.
The iguana is moderately wounded.
The iguana barely misses you.
You hit the iguana but do no damage.
The iguana is moderately wounded.
The iguana barely misses you.
You hit the iguana.
The iguana is heavily wounded.
The iguana barely misses you. The iguana bites you.
You hit the iguana but do no damage.
The iguana is heavily wounded.
The iguana bites you!
* * * LOW HITPOINT WARNING * * *
You hit the iguana but do no damage.
The iguana is heavily wounded.
The iguana bites you!
You die...

▓+▓
▓.▓
▓S▓
▓f▓
▓S▓
▓B▓
▓l▓
▓@▓
▓.▓
▓.▓
▓.▓
▓.▓
▓†▓
▓.▓
▓.▓
▓.▓


You could see a sleepcap, a bombardier beetle, an iguana and 2 adders.

Vanquished Creatures
  A bat (D)
  3 endoplasms (D)
  A giant cockroach (D)
5 creatures vanquished.

Notes
Turn   | Place    | Note
-------+----------+-------------------------------------------
     0 | D        | rocky1 the Coglin Gladiator began the quest for the Orb.
     0 | D        | Reached XP level 1. HP: 16/16 MP: 1/1
    16 | D        | Reached XP level 2. HP: 11/22 MP: 2/2
    22 | D        | Noticed a bombardier beetle
    71 | D        | Slain by an iguana

Illustrated notes

Levels and vault maps discovered:
D:        linesprint [early_d, line_temple, items_1, d_10, items_2, lair_1,
          lair_end, items_3, orc_1, orc_end, items_4, d_15, swamp_1, shoals_1,
          snake_1, spider_1, d_20, vaults_1, items_5, swamp_end, shoals_end,
          snake_end, spider_end, vaults_end, d_27, items_6, zot_1, zot_end,
          crypt_end, forest_end, elf_end, slime_end, tomb_end, abyss_end,
          pan_hell_end]

Skill      XL: |  1 |
---------------+----+-----
Dodging        | 3 |  3.4
Throwing       | 2 |  2.0
Fighting       | |  2.3
Long Blades    | |  3.8

Action                     || total
---------------------------++-------
  Melee: Long sword        ||    20
 Armour: Leather armour    ||    11
  Dodge: Dodged            ||    11

Table legend: (Time is in decaauts)
 A = Elapsed time spent in this place.
 B = Non-inter-level travel time spent in this place.
 C = Inter-level travel time spent in this place.
 D = Time resting spent in this place.
 E = Time spent auto-exploring this place.
 F = Levels seen in this place.
 G = Mean time per level.
                   A        B        C        D        E       F      G
               +--------+--------+--------+--------+--------+-----+--------+
         Total |     75 |     75 |      0 |     39 |      0 |   1 |   75.0 |
       Dungeon |     75 |     75 |      0 |     39 |      0 |   1 |   75.0 |
               +--------+--------+--------+--------+--------+-----+--------+

Top non-repeatable levels by time:
       D: 75 daAuts
